 Dungeon Crawl Stone Soup version 0.17-a0-489-g3d1acac (webtiles) character file.

2027 Inky the Thaumaturge (level 9, -8/45 HPs)
             Began as a Deep Elf Fire Elementalist on Apr 10, 2015.
             Was an Elder of Vehumet.
             Shot with a sling bullet by Joseph (11 damage)
             ... on level 7 of the Dungeon.
             The game lasted 01:32:27 (6971 turns).

Inky the Thaumaturge (Deep Elf Fire Elementalist)   Turns: 6971, Time: 01:32:27

Health: -8/45      AC:  8    Str:  5    XL:     9   Next: 3%
Magic:  5/25       EV: 15    Int: 24    God:    Vehumet [****..]
Gold:   320        SH:  0    Dex: 18    Spells: 8 memorised, 5 levels left

rFire  . . .     SeeInvis +     r - +3 dagger (protect)
rCold  . . .     Clarity  .     o - +0 robe
rNeg   . . .     SustAb   .     (no shield)
rPois  .         Gourm    .     t - +0 helmet
rElec  .         Spirit   .     (no cloak)
rCorr  .         Warding  .     (no gloves)
rMut   .         Stasis   .     (no boots)
MR     .....                    (no amulet)
Stlth  +++.......               I - ring of see invisible
                                E - +3 ring of dexterity

@: not resistant to hostile enchantments, fairly stealthy
A: no striking features
a: Renounce Religion


You were on level 7 of the Dungeon.
You worshipped Vehumet.
Vehumet was greatly pleased with you.
You were not hungry.

You visited 1 branch of the dungeon, and saw 7 of its levels.
You also visited: Ossuary.

You collected 320 gold pieces.

Inventory:

Hand weapons
 r - a +3 dagger of protection (weapon)
 y - a +0 blowgun
Missiles
 l - 5 needles of frenzy
 B - 9 poisoned needles
Armour
 o - a +0 robe (worn)
 t - a +0 helmet (worn)
Magical staves
 C - a cursed staff of air
Jewellery
 E - a +3 ring of dexterity (left hand)
 I - a ring of see invisible (right hand)
Magical devices
 f - a wand of draining (2)
 n - a wand of fireball (10)
 H - a wand of enslavement (9)
 Q - a wand of confusion (24)
Scrolls
 d - 5 scrolls of immolation
 g - 3 scrolls of teleportation
 h - 2 scrolls of recharging
 j - 3 scrolls of remove curse
 k - 4 scrolls of amnesia
 F - a scroll of fear {unknown}
 J - a scroll of enchant armour {unknown}
 K - a scroll of torment
 N - a scroll of enchant weapon
 P - a scroll of magic mapping {unknown}
Potions
 e - a potion of invisibility
 m - 2 potions of curing
 u - a potion of agility {unknown}
 w - 2 potions of might
 x - a potion of haste
 z - a potion of poison {unknown}
 A - 2 potions of mutation {unknown}
 G - a potion of restore abilities
 L - a potion of berserk rage {unknown}
 O - a potion of cancellation {unknown}
Books
 a - Sif Muna's Reference Book on Summoning
   (You found it on level 2 of the Dungeon)

   Spells                             Type                      Level
   a - Summon Small Mammal            Summoning                    1
 b - a book of Flames

   Spells                             Type                      Level
   a - Flame Tongue                   Conjuration/Fire             1
   b - Throw Flame                    Conjuration/Fire             2
   c - Conjure Flame                  Conjuration/Fire             3
   d - Inner Flame                    Hexes/Fire                   3
   e - Sticky Flame                   Conjuration/Fire             4
   f - Fireball                       Conjuration/Fire             5
 p - Kikubaaqudgha's Almanac of Evil Magic
   (You found it on level 2 of the Dungeon)

   Spells                             Type                      Level
   a - Pain                           Necromancy                   1
 q - Vehumet's Compendium of Conjuration
   (You found it on level 2 of the Dungeon)

   Spells                             Type                      Level
   a - Magic Dart                     Conjuration                  1
 D - a book of Burglary

   Spells                             Type                      Level
   a - Swiftness                      Charms/Air                   2
   b - Passwall                       Transmutation/Earth          3
   c - Passage of Golubria            Translocation                4
   d - Lee's Rapid Deconstruction     Earth                        5
   e - Invisibility                   Hexes                        6
   f - Darkness                       Hexes                        7
Comestibles
 c - 3 bread rations
 i - 3 meat rations
 s - a fruit
 v - a beef jerky
 M - 3 chunks of flesh


   Skills:
 + Level 4.1 Dodging
 + Level 3.0 Stealth
 * Level 10.9 Spellcasting
 + Level 4.8 Conjurations
 + Level 1.0 Hexes
 + Level 0.4 Charms
 * Level 7.8 Fire Magic
 + Level 0.4 Evocations


You had 5 spell levels left.
You knew the following spells:

 Your Spells              Type           Power        Failure   Level  Hunger
a - Flame Tongue          Conj/Fire      #####        1%          1    None
b - Throw Flame           Conj/Fire      #####.       1%          2    None
c - Inner Flame           Hex/Fire       ####....     1%          3    None
d - Conjure Flame         Conj/Fire      #####...     1%          3    None
e - Sticky Flame          Conj/Fire      #####...     1%          4    None
f - Fireball              Conj/Fire      #####.....   3%          5    ####...
g - Magic Dart            Conj           ####         1%          1    None
h - Iskenderun's Battles  Conj/Chrm      ####....     17%         5    ####...


Dungeon Overview and Level Annotations

Branches:
Dungeon (7/15)             Temple (0/1) D:6

Altars:
Gozag
Kikubaaqudgha
Makhleb
Nemelex Xobeh
Sif Muna
Vehumet
Zin

Shops:
D:5 (

Annotations:
D:7 Joseph


Message History

Confirm with . or Enter, or press ? or * to list all spells.
Aiming: Flame Tongue
Press: ? - help, Shift-Dir - straight line, f/p - Joseph
Aim: Joseph, wielding an enchanted hunting sling and wearing a leather armour (severely wounded)
The flame tongue hits Joseph.
Joseph is severely wounded.
Joseph shoots a sling bullet.
The sling bullet misses you.
Casting: Flame Tongue
Confirm with . or Enter, or press ? or * to list all spells.
Aiming: Flame Tongue
Press: ? - help, Shift-Dir - straight line, f/p - Joseph
Aim: Joseph, wielding an enchanted hunting sling and wearing a leather armour (severely wounded)
The flame tongue hits Joseph.
Joseph is severely wounded.
An orc priest comes into view. It is wielding a flail.
Joseph shoots a sling bullet.
The sling bullet hits you!!
* * * LOW HITPOINT WARNING * * *
You see here a sling bullet.
Joseph shoots a sling bullet.
The sling bullet hits you!
You die...

#..o###+#...# #...#
#@..#...#...+ +...+
#...+...+...#+#...#
#.o.#...#.......#
#.(.#'###.......+
#...............#+#
#.(.........#+#....
#.(.........#.#....
#.@.#+###...#.+....
+...+...+(..+.#....
#...#...#...#.#....
#...#...#...#.##'##
#+#...+...+...#.....#
#.+...#...#...#.....+
#.#...#...#...'.....#
#.#...'...'...#+#####
#.'...#...#..........


You could see Joseph, an orc warrior and an orc priest (wandering).

Vanquished Creatures
  A wraith (Ossuary)
  The ghost of tedric the Slasher, an average HESk (D:4)
  A sky beast (D:7)
  4 ogres
  A necrophage (D:5)
  An orc warrior (D:6)
  The ghost of tedric the Skirmisher, an average HESk of Zin (D:3)
  A centaur (D:5)
  A giant frog (D:6)
  2 vampire bats (D:6)
  A goliath beetle (D:6)
  3 crimson imps
  A quasit (D:6)
  6 orc wizards
  An orc priest (D:4)
  5 hounds
  Terence (D:2)
  2 worker ants
  2 iguanas
  A mummy (Ossuary)
  5 adders
  A worm (D:2)
  4 giant geckos
  2 oozes
  25 orcs
  A ball python (D:4)
  A bat skeleton (D:5)
  A giant cockroach (D:5)
  19 goblins
  14 hobgoblins
  12 jackals
  7 kobolds
  23 bats
  6 giant newts
  9 gnoll skeletons (Ossuary)
  5 kobold skeletons (Ossuary)
  11 orc skeletons (Ossuary)
  16 rats
199 creatures vanquished.

Notes
Turn   | Place    | Note
--------------------------------------------------------------
     0 | D:1      | Inky, the Deep Elf Fire Elementalist, began the quest for the Orb.
     0 | D:1      | Reached XP level 1. HP: 10/10 MP: 6/6
   286 | D:1      | Reached XP level 2. HP: 7/15 MP: 5/8
   350 | D:1      | Learned a level 2 spell: Throw Flame
   486 | D:1      | Reached skill level 4 in Fire Magic
   817 | D:2      | Reached XP level 3. HP: 19/19 MP: 1/10
   939 | D:2      | Found an ancient bone altar of Kikubaaqudgha.
   942 | D:2      | Found a deep blue altar of Sif Muna.
   942 | D:2      | Found a radiant altar of Vehumet.
   951 | D:2      | Identified Sif Muna's Reference Book on Summoning
   961 | D:2      | Identified Kikubaaqudgha's Almanac of Evil Magic
   969 | D:2      | Identified Vehumet's Compendium of Conjuration
   991 | D:2      | Became a worshipper of Vehumet
  1029 | D:2      | Learned a level 3 spell: Inner Flame
  1033 | D:2      | Learned a level 3 spell: Conjure Flame
  1137 | D:2      | Noticed Terence
  1204 | D:2      | Killed Terence
  1338 | D:2      | Reached XP level 4. HP: 24/24 MP: 7/12
  2123 | D:3      | Reached skill level 5 in Spellcasting
  2123 | D:3      | Reached XP level 5. HP: 22/28 MP: 5/14
  2158 | D:3      | Acquired Vehumet's first power
  2158 | D:3      | Offered knowledge of Sandblast by Vehumet.
  2165 | D:3      | Learned a level 4 spell: Sticky Flame
  2185 | D:3      | Noticed tedric's ghost (average HESk)
  2205 | D:3      | Killed tedric's ghost
  2205 | D:3      | Reached skill level 5 in Fire Magic
  2933 | D:4      | Noticed an ogre
  2939 | D:4      | Killed an ogre
  2939 | D:4      | Reached skill level 6 in Spellcasting
  2939 | D:4      | Reached XP level 6. HP: 32/32 MP: 9/17
  3060 | D:4      | Noticed tedric's ghost (average HESk)
  3063 | D:4      | Offered knowledge of Freeze by Vehumet.
  3075 | D:4      | Killed tedric's ghost
  3089 | D:4      | Noticed an ogre
  3156 | D:4      | Killed an ogre
  3156 | D:4      | Reached skill level 7 in Spellcasting
  3156 | D:4      | Reached XP level 7. HP: 36/36 MP: 4/19
  4193 | D:5      | Entered Level 5 of the Dungeon
  4360 | D:5      | Found Cowor's Antique Weapon Shop.
  4796 | D:5      | Reached skill level 8 in Spellcasting
  4847 | D:5      | Offered knowledge of Stone Arrow by Vehumet.
  4854 | D:5      | Learned a level 5 spell: Fireball
  4856 | D:5      | Learned a level 1 spell: Magic Dart
  4918 | D:5      | Found a burning altar of Makhleb.
  4921 | D:5      | Found an opulent altar of Gozag.
  4924 | D:5      | Found a glowing silver altar of Zin.
  4927 | D:5      | Found a sparkling altar of Nemelex Xobeh.
  4936 | D:5      | Reached XP level 8. HP: 41/41 MP: 13/22
  5388 | D:6      | Reached skill level 9 in Spellcasting
  5632 | D:6      | Acquired Vehumet's second power
  5828 | D:6      | Found a staircase to the Ecumenical Temple.
  5840 | D:6      | Reached skill level 10 in Spellcasting
  5888 | D:6      | Found a sand-covered staircase.
  5898 | Ossuary  | Entered an ossuary
  5992 | Ossuary  | Reached skill level 1 in Hexes
  6091 | Ossuary  | Offered knowledge of Olgreb's Toxic Radiance by Vehumet.
  6525 | D:6      | Acquired Vehumet's third power
  6805 | D:7      | Offered knowledge of Iskenderun's Battlesphere by Vehumet.
  6812 | D:7      | Learned a level 5 spell: Iskenderun's Battlesphere
  6939 | D:7      | Reached XP level 9. HP: 45/45 MP: 17/25
  6957 | D:7      | Noticed Joseph
  6971 | D:7      | Shot with a sling bullet by Joseph

Action                   |  1- 3 |  4- 6 |  7- 9 || total
-------------------------+-------+-------+-------++-------
Melee: Hand axe          |    13 |       |       ||    13
       Dagger            |       |     2 |     1 ||     3
 Cast: Flame Tongue      |    71 |    52 |   183 ||   306
       Throw Flame       |     6 |    43 |    64 ||   113
       Conjure Flame     |     1 |     1 |     9 ||    11
       Inner Flame       |       |     2 |     5 ||     7
       Sticky Flame      |       |       |     5 ||     5
       Magic Dart        |       |       |    15 ||    15
       Fireball          |       |       |     3 ||     3
       Iskenderun's Batt |       |       |     3 ||     3
Evoke: Wand              |       |     1 |     4 ||     5
  Use: Potion            |     1 |     2 |     2 ||     5
       Scroll            |     4 |     7 |     8 ||    19
  Eat: Chunk             |     1 |     1 |     9 ||    11
       Bread ration      |       |     1 |     1 ||     2
